 Dungeon Crawl Stone Soup version 0.27-a0-1565-gad902ab807 (webtiles) character file.

Game seed: 17022087188471015394

33 gimp the Skirmisher (level 3, 0/31 HPs)
             Began as a Formicid Wanderer on July 16, 2021.
             Slain by an adder (1 damage)
             ... on level 2 of the Dungeon.
             The game lasted 00:02:09 (1675 turns).

gimp the Skirmisher (Formicid Wanderer)             Turns: 1675, Time: 00:02:10

Health: 0/31       AC:  2    Str: 16    XL:     3   Next: 47%
Magic:  3/3        EV: 11    Int: 11    God:
Gold:   42         SH:  0    Dex: 11    Spells: 2/2 levels left

rFire    . . .     SeeInvis +   b - +0 dagger
rCold    . . .     Faith    .   (no shield)
rNeg     . . .     Spirit   .   c - +0 robe
rPois    .         Reflect  .   (helmet unavailable)
rElec    .         Harm     .   (no cloak)
rCorr    .         Rampage  .   (no gloves)
Will     .....                  (no boots)
Stlth    +.........             (no amulet)
HPRegen  0.10/turn              (no ring)
MPRegen  0.08/turn              (no ring)

@: confused, lethally poisoned (0 -> -3), ambrosia-drunk
A: permanent stasis, dig shafts and tunnels, antennae 3, four strong arms
a: Dig, Shaft Self


You were on level 2 of the Dungeon.
You visited 1 branch of the dungeon, and saw 2 of its levels.

You collected 42 gold pieces.

Inventory:

Hand Weapons
 a - a +3 hand crossbow
 b - a +0 dagger (weapon)
Missiles
 e - 19 bolts
Armour
 c - a +0 robe (worn)
Scrolls
 d - 2 scrolls of fog


   Skills:
 * Level 4.3 Fighting
 - Level 2.0 Crossbows
 - Level 2.0 Throwing
 + Level 3.8 Armour


You had 2 spell levels left.
You didn't know any spells.
Your spell library contained the following spells:

 Spells                   Type           Power      Damage    Failure   Level
 Apportation              Tloc           0%         N/A       34%         1
 Summon Small Mammal      Summ           0%         N/A       34%         1
 Call Canine Familiar     Summ           0%         N/A       71%         3
 Teleport Other           Tloc           0%         N/A       71%         3


Dungeon Overview and Level Annotations

Branches:
Dungeon (2/15)

Altars:


Innate Abilities, Weirdness & Mutations

You cannot be hasted, slowed, berserked, paralysed or teleported.
You can dig through walls and to a lower floor.
You have a pair of large antennae on your head. (SInv)
Your four strong arms can wield two-handed weapons with a shield.


Message History

You feel sick. The adder bites you.
You take 5 damage, and have 15/31 hp.
You hit the adder.
The adder is heavily wounded.
You feel sick. The adder bites you.
You are more poisoned.
The adder poisons you! The adder bites you.
* * * LOW HITPOINT WARNING * * *
You are more poisoned.
The adder poisons you!
You take 7 damage, and have 8/31 hp.
MASSIVE DAMAGE!!
You closely miss the adder.
The adder is moderately wounded.
* * * LOW HITPOINT WARNING * * *
You feel very sick. The adder bites you.
* * * LOW HITPOINT WARNING * * *
You take 6 damage, and have 2/31 hp.
It was a potion of ambrosia.
You are confused.
You feel invigorated.
* * * LOW HITPOINT WARNING * * *
You feel very sick. The adder closely misses you.
It was a potion of haste.
Your stasis prevents you from being hasted.
* * * LOW HITPOINT WARNING * * *
You feel sick. The adder closely misses you. The adder bites you.
* * * LOW HITPOINT WARNING * * *
* * * LOW HITPOINT WARNING * * *
You feel sick.
* * * LOW HITPOINT WARNING * * *
You feel sick.
You bump into the rock wall.
You feel sick. The adder bites you.
* * * LOW HITPOINT WARNING * * *
You take 2 damage, and have 3/31 hp.
You bump into the rock wall.
You feel sick. The adder bites you.
* * * LOW HITPOINT WARNING * * *
The adder bites you.
You die...

## ####.# #≈≈#. #.# #..
.≈≈. #.###.# #.≈# # ###
#..##.# #.≈# .# #≈#
##..##.# #≈≈#..#
##≈###≈≈.##.# ##.≈≈.#
≈≈≈#.≈≈.###.# #..# ###
..#.≈≈#..##.#####S##≈....
≈..####.........@.....#
≈≈≈###........÷.#####.#
##≈≈≈##.##...##.# {
#.####.≈######.#########
##.##..≈≈# #.........#
........≈# #..########
##......## #..####
######.# #.....#######
#.#######.###........


You could see an adder.

Vanquished Creatures
  An adder (D:2)
  2 ball pythons
  2 endoplasms (D:1)
  A giant cockroach (D:1)
  A goblin (D:1)
  5 hobgoblins (D:1)
  6 kobolds
  A bat (D:1)
  A frilled lizard (D:1)
  A rat (D:1)
21 creatures vanquished.

Notes
Turn   | Place    | Note
-------+----------+-------------------------------------------
     0 | D:1      | gimp the Formicid Wanderer began the quest for the Orb.
     0 | D:1      | gimp set off with the following items: a +2 hand crossbow,
                  | 22 bolts, a +0 robe; and the following spells available to
                  | memorise: Apportation, Summon Small Mammal, Call Canine
                  | Familiar, Teleport Other
     0 | D:1      | Reached XP level 1. HP: 18/18 MP: 1/1
   105 | D:1      | Reached XP level 2. HP: 24/24 MP: 2/2
   845 | D:1      | Reached skill level 4 in Fighting
  1308 | D:2      | Reached XP level 3. HP: 25/30 MP: 3/3
  1675 | D:2      | HP: 1/31 [adder (4)]
  1675 | D:2      | Slain by an adder

Illustrated notes

Levels and vault maps discovered:
D:1:      dpeg_arrival_stone_temple_mockup, layout_basic
D:2:      layout_loops_ring, serial_rivers, chequers_serial_rivers_micro_b,
          chequers_serial_rivers_micro_d, chequers_serial_rivers_small_3,
          chequers_serial_rivers_small_b, chequers_serial_rivers_small_a,
          chequers_serial_rivers_small_b, basic_altar,
          kennysheep_generic_room_15

Skill      XL: |  1  2 |
---------------+-------+-----
Fighting       | 4 |  4.3
Crossbows      | |  2.0
Throwing       | |  2.0
Armour         | |  3.8

Action                   || total
-------------------------++-------
Melee: Dagger            ||    63
 Fire: Hand crossbow     ||    30
 Abil: Dig               ||     2
  Use: Scroll            ||     3
       Potion            ||     2
Armor: Robe              ||    15
Dodge: Dodged            ||    50

Table legend: (Time is in decaauts)
 A = Elapsed time spent in this place.
 B = Non-inter-level travel time spent in this place.
 C = Inter-level travel time spent in this place.
 D = Time resting spent in this place.
 E = Time spent auto-exploring this place.
 F = Levels seen in this place.
 G = Mean time per level.
                   A        B        C        D        E       F      G
               +--------+--------+--------+--------+--------+-----+--------+
         Total |   1682 |   1652 |     30 |     94 |   1323 |   2 |  841.0 |
       Dungeon |   1682 |   1652 |     30 |     94 |   1323 |   2 |  841.0 |
               +--------+--------+--------+--------+--------+-----+--------+

Top non-repeatable levels by time:
     D:1: 1294 daAuts
     D:2: 388 daAuts
